cohdb
Replays
Latest Replays
All Replays
Popular Replays
Top Player Replays
Match Explorer
How It Works
Community
CoH3 Stats
Reddit
Sign in to upload your games and track your stats! →
Sign in with Steam
Match 41395153
Unlisted
Match 41395153
Overview
Messages
Build Orders
End
Royal Engineer Section
Construct Section Command Post
Selects Heavy Armor Battlegroup
Infantry Section
Infantry Section
Infantry Section
Grenade Package
Vickers Machine Gun Team
Construct Platoon Command Post
Selects Rigorous Vehicle Training
Humber Armored Car
6-pounder Anti-tank Gun Team
Construct Company Command Post
Crusader II Medium Tank
Matilda II Heavy Tank
Selects Forward Repair Assembly
Selects UNKNOWN (2162094)
Aim187x
Minihumor
Schmolli
miggy
Naveed #No2IRGC
巴图尔
Papa Chulo
Róka koma
0
0
Comments
sign in to comment!
No comments posted yet!